Unix NetHack Version 5.0.0-0 post-release - last build Jul 14 2026 02:55:29 (1809b74e8187c3a3585e283601c3028b46cbbdcb,branch:main).

Game began 2026-07-14 20:08:16, ended 2026-07-14 23:11:17.

Anarchos, lawful female dwarven Valkyrie

  -----
  |...|
  |...-
  |.d.|
  |ud.|  ##
  |.@E.##################
  |!u |                #
  -----               ##
                     -.------
                     |......|
                     |......|
                     |......|
                     |......|
                     |.......
                     --------

Anarchos the Fighter        St:15 Dx:14 Co:17 In:9 Wi:8 Ch:9  Lawful
Dlvl:8  $:52 HP:0(64) Pw:10(10) AC:-6 Xp:6 T:5958  Fainted  Burdened Deaf

Latest messages:
 The little dog misses the pony.
 The little dog misses!
 The pony hits the little dog.
 The little dog is killed!
 You finish your prayer.
 The voice of Tyr rings out: 
 "Thou art arrogant, mortal."
 "Thou must relearn thy lessons!"
 You feel foolish!
 Farvel level 7.
 You feel slow!
 Your little dog eats a little dog corpse.
 You faint from lack of food.
 You notice a dog smell.
 You regain consciousness.
 You faint from lack of food.
 You regain consciousness.
 You faint from lack of food.
 You regain consciousness.
 You faint from lack of food.
 You regain consciousness.
 You have a little trouble lifting q - an unlabeled scroll (3 in total).
 You faint from lack of food.
 You regain consciousness.
 You swap places with your pony.
 You faint from lack of food.
 The pony misses the giant bat.
 The pony bites the giant bat.
 The giant bat bites the pony.
 The little dog bites it.
 The little dog misses the giant bat.
 You regain consciousness.
 You swap places with your little dog.
 You can hear again.
 You faint from lack of food.
 The pony hits the giant bat.
 You regain consciousness.
 You attack thin air.
 You faint from lack of food.
 The dog picks up a mummy wrapping.
 The water elemental just misses!
 You regain consciousness.
 You can hear again.
 You faint from lack of food.
 The water elemental hits!
 BATTLEMODE's ghost just misses!
 The water elemental hits!
 You die...
 Do you want your possessions identified? [ynq] (y) y
 Do you want to see your attributes? [ynq] (y) q

Inventory:
 Coins    ('$')
  $ - 52 gold pieces
 Weapons  (')')
  P - 2 poisoned +0 orcish arrows
  j - a blessed +0 crossbow
  b - a blessed +0 dagger (at the ready)
  a - a thoroughly rusty +4 dwarvish spear
  C - a blessed +1 long sword (weapon in right hand)
 Armor    ('[')
  D - a blessed +1 orcish helm (being worn)
  v - a blessed +2 pair of iron shoes (being worn)
  c - an uncursed +3 small shield (being worn)
  T - an uncursed +0 mummy wrapping
  Y - an uncursed +0 mummy wrapping
  H - a blessed rotted +1 orcish cloak (being worn)
  V - an uncursed +0 orcish cloak
  L - an uncursed +0 chain mail (being worn)
 Scrolls  ('?')
  q - 3 uncursed scrolls of blank paper
  k - 2 uncursed scrolls of confuse monster
 Spellbooks  ('+')
  Z - an uncursed spellbook of clairvoyance
  i - an uncursed spellbook of detect monsters
  W - an uncursed spellbook of dig
 Potions  ('!')
  U - an uncursed potion of blindness
  N - an uncursed potion of object detection
 Rings    ('=')
  A - an uncursed ring of invisibility
  J - an uncursed ring of warning (on right hand)
 Wands    ('/')
  u - a wand of cancellation (0:4)
  l - a wand of make invisible (0:7)
  X - a wand of nothing (0:14)
  E - a wand of secret door detection (0:14)
  m - a wand of slow monster (0:4)
  y - a wand of speed monster (0:3)
  G - a wand of striking (0:7)
 Tools    ('(')
  t - an uncursed brass lantern
  p - a cursed brass lantern
  o - an uncursed lock pick
  z - an uncursed magic whistle
 Gems/Stones  ('*')
  Q - an uncursed citrine stone
  x - an uncursed worthless piece of blue glass
  h - 2 uncursed worthless pieces of red glass
  I - an uncursed worthless piece of violet glass
  R - an uncursed worthless piece of yellow glass
  r - an uncursed flint stone

Anarchos the Valkyrie's attributes:

Background:
 You were a Fighter, a level 6 dwarven Valkyrie.
 You were lawful, on a mission for Tyr
 who was opposed by Odin (neutral) and Loki (chaotic).
 You were right-handed.
 You were in the Dungeons of Doom, on level 8.
 You entered the dungeon 5958 turns ago.
 It was nighttime.
 There was a new moon in effect when your adventure ended.
 You had 639 experience points, 1 more was needed to attain level 7.

Basics:
 You had 0 out of 64 hit points.
 You had all 10 energy points (spell power).
 Your armor class was -6.
 Your wallet contained 52 zorkmids.
 Autopickup was on for all types.

Final Characteristics:
 Your strength was 15 (base:16, peak:18/01, limit:18/100).
 Your dexterity was 14 (limit:20).
 Your constitution was 17 (limit:20).
 Your intelligence was 9 (limit:16).
 Your wisdom was 8 (peak:9, limit:16).
 Your charisma was 9 (limit:16).

Final Status:
 You were deaf.
 You were fainted due to starvation.
 You were burdened; movement was slightly slowed.
 You were wielding a long sword.
 You had basic skill with long sword.

Final Attributes:
 You were piously aligned.
 You were cold resistant.
 You were poison resistant.
 You were telepathic.
 You were warned.
 You had infravision.
 You were stealthy.
 You were warded.
 Your spell casting was impaired by metallic armor.
 Tyr was angry with you.
 You are dead.

Miscellaneous:
 You encountered 1 bones level.
 Total elapsed playing time was 3 hours and 3 minutes.

Major events:
 Turn
    1: Anarchos the lawful dwarven Valkyrie entered the dungeon
  886: attained the rank of Skirmisher (level 3)
 3217: attained the rank of Fighter (level 6)
 5727: performed her first genocide (class ;)
 5958: killed by a water elemental, while fainted from lack of food

Spells:
 Name                 Level Category     Fail Retention
 detect monsters        1   divination   100%   51%-75%

Skills:
 Fighting Skills
   bare handed combat [Unskilled]
   two weapon combat  [Unskilled]
   riding             [Unskilled]
 Weapon Skills
   dagger             [Basic]
   axe                [Unskilled]
   pick-axe           [Unskilled]
   short sword        [Unskilled]
   broadsword         [Unskilled]
   long sword         [Basic]
   two-handed sword   [Unskilled]
   saber              [Unskilled]
   hammer             [Unskilled]
   quarterstaff       [Unskilled]
   polearms           [Unskilled]
   spear              [Skilled]
   trident            [Unskilled]
   lance              [Unskilled]
   sling              [Unskilled]
 Spellcasting Skills
   attack spells      [Unskilled]
   escape spells      [Unskilled]

Voluntary challenges:
 Character rerolling was not enabled.
 You genocided 6 types of monsters.
 You never polymorphed an object.
 You never changed form.
 You used no wishes.
Achievements:
 You entered a shop.
 You attained the rank of Skirmisher.
 You attained the rank of Fighter.

 The Dungeons of Doom: levels 1 to 8
    Level 1:
       A fountain.
    Level 2:
       A general store.
    Level 3:
    Level 4:
       A general store.
    Level 5:
    Level 6:
       A grave.
    Level 7:
       A weapon shop, a sink.
    Level 8: <- You were here.
       Final resting place for
          you, killed by a water elemental, while fainted from lack of food,
          BATTLEMODE-Wiz-Elf-Fem-Cha, killed by a jaguar.


Vanquished creatures:
  a large mimic
  a small mimic
 an ettin zombie
  a quivering blob
  2 leprechauns
  a black light
  3 brown puddings
  a lizard
  a dingo
  2 jaguars
  2 dust vortices
  a gnome mummy
  a snake
  a rope golem
  3 imps
  2 water nymphs
  2 Mordor orcs
 10 Uruk-hai
  2 rock piercers
  a rock mole
  2 kobold mummies
  a straw golem
  a paper golem
  a giant ant
  a little dog
  2 floating eyes
  3 kittens
  2 dwarves
  a homunculus
  2 kobold leaders
  5 rothes
  a giant bat
  a monkey
  a werejackal
  2 iguanas
  2 acid blobs
  2 coyotes
  a gas spore
  a large kobold
  2 hobgoblins
  4 giant rats
  2 cave spiders
  2 yellow molds
  a red mold
  3 gnome zombies
  7 geckos
 15 jackals
  a fox
  3 goblins
  5 sewer rats
  8 grid bugs
  7 lichens
  6 newts
137 creatures vanquished.

Genocided species:
 krakens
 sharks
 electric eels
 piranha
 giant eels
 jellyfish
6 species genocided.

Game over:
                       ----------
                      /          \
                     /    REST    \
                    /      IN      \
                   /     PEACE      \
                  /                  \
                  |     Anarchos     |
                  |      52 Au       |
                  |   killed by a    |
                  | water elemental  |
                  |                  |
                  |                  |
                  |       2026       |
                 *|     *  *  *      | *
        _________)/\\_//(\/(/\)/\//\/|_)_______

Farvel Anarchos the Valkyrie...

You died in The Dungeons of Doom on dungeon level 8 with 4207 points,
and 52 pieces of gold, after 5958 moves.
You were level 6 with a maximum of 64 hit points when you died.

